 Dungeon Crawl Stone Soup version 0.29-a0-72-g1732ff48e7 (webtiles) character file.

Game seed: 5675053330654762089

285 Sweetruy1997 the Ogre Mage (level 6, -3/55 HPs)
             Began as an Ogre Fire Elementalist on Feb 2, 2022.
             Slain by Dowan (6 damage)
             ... on level 5 of the Dungeon on Feb 4, 2022.
             The game lasted 00:17:53 (5090 turns).

Sweetruy1997 the Ogre Mage (Ogre Fire Elementalist) Turns: 5090, Time: 00:17:55

Health: -3/55      AC:  4    Str: 13    XL:     6   Next: 29%
Magic:  1/12       EV: 10    Int: 16    God:
Gold:   64         SH:  0    Dex: 11    Spells: 1/14 levels left

rFire   . . .      SeeInvis .   u - +1 hand axe (freeze)
rCold   . . .      Faith    .   (no shield)
rNeg    . . .      Spirit   .   a - +0 robe
rPois   .          Reflect  .   (helmet restricted)
rElec   .          Harm     .   h - +0 cloak
rCorr   .          Rampage  .   (gloves unavailable)
Will    .....                   (boots unavailable)
Stlth   ++........              (no amulet)
HPRegen 0.18/turn               (no ring)
MPRegen 0.13/turn               (no ring)

@: no status effects
A: large, unfitting armour, tough skin 1
a: no special abilities


You were on level 5 of the Dungeon.
You visited 1 branch of the dungeon, and saw 5 of its levels.

You collected 196 gold pieces.
You spent 132 gold pieces at shops.

Inventory:

Hand Weapons
 u - a +1 hand axe of freezing (weapon)
Missiles
 f - 4 large rocks
 g - 2 boomerangs
 p - a throwing net
Armour
 a - a +0 robe (worn)
 h - a +0 cloak (worn)
Wands
 d - a wand of acid (5)
 t - a wand of flame (13)
 w - a wand of mindburst (7)
Scrolls
 c - a scroll of fog
 e - a scroll of magic mapping
 j - a scroll of teleportation {unknown}
 k - a scroll of brand weapon {unknown}
Potions
 b - a potion of curing
 i - 2 potions of flight
 l - a potion of might {unknown}
 m - a potion of heal wounds {unknown}
 n - a potion of haste {unknown}
 o - a potion of cancellation {unknown}
 q - a potion of ambrosia {unknown}
 r - a potion of invisibility {unknown}
 s - a potion of lignification {unknown}
 v - a potion of magic {unknown}
 x - a potion of attraction {unknown}


   Skills:
 - Level 1.0 Fighting
 - Level 0.3 Maces & Flails
 - Level 2.0 Dodging
 + Level 1.7 Stealth
 + Level 4.6 Spellcasting
 + Level 1.8 Conjurations
 + Level 0.1 Summonings
 + Level 4.4 Fire Magic


You had one spell level left.
You knew the following spells:

 Your Spells              Type           Power      Damage    Failure   Level
a - Foxfire               Conj/Fire      52%        2x1d6     4%          1
b - Scorch                Fire           36%        2d6       3%          2
c - Conjure Flame         Conj/Fire      13%        6-21      13%         3
d - Summon Small Mammal   Summ           16%        N/A       16%         1
e - Inner Flame           Hex/Fire       10%        N/A       19%         3
f - Call Canine Familiar  Summ           4%         N/A       41%         3

Your spell library contained the following spells:

 Spells                   Type           Power      Damage    Failure   Level
 Flame Wave               Conj/Fire      13%        2d6       38%         4
 Summon Guardian Golem    Hex/Summ       3%         N/A       43%         3
 Summon Ice Beast         Ice/Summ       3%         N/A       83%         4
 Summon Mana Viper        Hex/Summ       3%         N/A       99%         5
 Monstrous Menagerie      Summ           2%         N/A       100%        7


Dungeon Overview and Level Annotations

Branches:
Dungeon (5/15)
 Temple: D:4-7

Altars:
Ashenzari
Fedhas
Zin

Shops:
D:4 *

Annotations:
D:5 1 runed translucent door, Dowan; Duvessa; scottley's ghost, novice TrMo


Innate Abilities, Weirdness & Mutations

You are too large for most types of armour.
You have tough skin. (AC +1)


Message History

Press: ? - help, Shift-Dir - straight line, f - Duvessa
Aim: Duvessa, wielding a +0 short sword and wearing a +0 chain mail (severely wounded, fast, 81% to hit)
The puff of flame hits Duvessa but does no damage.
Duvessa is severely wounded.
Duvessa hits you but does no damage. Duvessa hits you with a +0 short sword.
* * * LOW HITPOINT WARNING * * *
Aiming: Throw Flame
Press: ? - help, Shift-Dir - straight line, f/p - Duvessa
Aim: Duvessa, wielding a +0 short sword and wearing a +0 chain mail (severely wounded, fast, 81% to hit)
The puff of flame hits Duvessa but does no damage.
Duvessa is severely wounded.
Duvessa closely misses you.
Dowan gestures wildly while chanting.
Dowan blinks!
Aiming: Throw Flame
Press: ? - help, Shift-Dir - straight line, f/p - Duvessa
Aim: Duvessa, wielding a +0 short sword and wearing a +0 chain mail (severely wounded, fast, 81% to hit)
The puff of flame hits Duvessa.
Duvessa is almost dead.
Duvessa closely misses you. Duvessa hits you with a +0 short sword!
* * * LOW HITPOINT WARNING * * *
You feel better.
Dowan is no longer more vulnerable to fire.
Duvessa closely misses you.
Aiming: Mindburst
Press: ? - help, Shift-Dir - straight line, f - Dowan, p - Duvessa
Aim: Dowan, wielding a +0 dagger and wearing a +0 robe (moderately wounded, chance to affect: 64%) Dowan's mind is blasted!
Duvessa barely misses you. x2
Aiming: Mindburst
Press: ? - help, Shift-Dir - straight line, f - Duvessa, p - Dowan
Aim: Duvessa, wielding a +0 short sword and wearing a +0 chain mail (severely wounded, fast, chance to affect: 47%) Duvessa resists with some effort.
Duvessa barely misses you. Dowan hits you but does no damage.
Aiming: Mindburst
Press: ? - help, Shift-Dir - straight line, f/p - Duvessa
Aim: Duvessa, wielding a +0 short sword and wearing a +0 chain mail (severely wounded, fast, chance to affect: 47%) Duvessa resists with some effort.
Duvessa hits you with a +0 short sword.
* * * LOW HITPOINT WARNING * * *
Dowan hits you with a +0 dagger.
You die...

#.# #.# #.# ####### #.#
#.....# #.# #.....# #.#
## #.....########.######
.#####....'....e@e.....>#
.#P8P#....########.####.#
.#.?.#....# #.#
.##+##....# #.#
.#...##'### #.# .#...##.#
#.# .##.+##.###### #$#
#.....#..<...# #..
#..)..#......# ###


You could see Duvessa (fast) and Dowan.

Vanquished Creatures
  A bullfrog zombie (D:5)
  2 orc wizards
  A hound skeleton (D:4)
  4 gnolls (D:4)
  6 adders
  2 worms (D:2)
  The ghost of elisander the Sneak, a weakling DsDe (D:4)
  4 dart slugs
  7 orcs
  4 endoplasms
  2 giant cockroaches (D:3)
  7 hobgoblins
  A jackal (D:3)
  11 kobolds
  3 quokkas
  10 ball pythons
  4 bats
  2 frilled lizards
  10 goblins
  4 rats
86 creatures vanquished.

Vanquished Creatures (collateral kills)
  An adder (D:3)
  2 foxfires (D:1)
3 creatures vanquished.

Vanquished Creatures (others)
  156 foxfires
  A plant (D:1)
157 creatures vanquished.

Grand Total: 246 creatures vanquished

Notes
Turn   | Place    | Note
-------+----------+-------------------------------------------
     0 | D:1      | Sweetruy1997 the Ogre Fire Elementalist began the quest for
                  | the Orb.
     0 | D:1      | Reached XP level 1. HP: 16/16 MP: 3/3
   287 | D:1      | Reached skill level 1 in Conjurations
   287 | D:1      | Reached XP level 2. HP: 21/24 MP: 3/5
   290 | D:1      | Learned a level 2 spell: Scorch
   325 | D:1      | Found a faded altar of an unknown god.
  1042 | D:2      | Reached XP level 3. HP: 32/32 MP: 4/7
  1049 | D:2      | Learned a level 3 spell: Conjure Flame
  1332 | D:2      | Learned a level 1 spell: Summon Small Mammal
  1639 | D:2      | Upgraded the game from 0.29-a0-43-g62a80824bf to
                  | 0.29-a0-72-g1732ff48e7
  1642 | D:2      | Reached XP level 4. HP: 38/40 MP: 3/9
  2038 | D:3      | Learned a level 3 spell: Inner Flame
  2929 | D:3      | Reached XP level 5. HP: 45/46 MP: 2/10
  3032 | D:3      | Found a glowing silver altar of Zin.
  3491 | D:4      | Found Irurphuna's General Store.
  3499 | D:4      | Bought a wand of flame (16) for 99 gold pieces
  3499 | D:4      | Bought a potion of curing for 33 gold pieces
  3534 | D:4      | Reached skill level 1 in Fighting
  3581 | D:4      | Found a runed translucent door.
  3583 | D:4      | Noticed elisander's ghost (weakling DsDe)
  3593 | D:4      | Killed elisander's ghost
  4311 | D:4      | Reached XP level 6. HP: 47/55 MP: 2/12
  4558 | D:4      | Learned a level 3 spell: Call Canine Familiar
  4567 | D:5      | Entered Level 5 of the Dungeon
  4591 | D:5      | Found a blossoming altar of Fedhas.
  4645 | D:5      | Found a broken altar of Ashenzari.
  4995 | D:5      | Found a runed translucent door.
  4995 | D:5      | Noticed scottley's ghost (novice TrMo)
  5058 | D:5      | Noticed Duvessa
  5058 | D:5      | Noticed Dowan
  5086 | D:5      | HP: 1/55 [Duvessa (9)]
  5090 | D:5      | Slain by Dowan

Illustrated notes

Levels and vault maps discovered:
D:1:      minmay_arrival_stair_chambers, layout_basic,
          dreamdust_ecumenical_altar_grove
D:2:      layout_rooms, minmay_misc_feat_nine_boxes
D:3:      minmay_chambers_of_twos, layout_basic, mainiacjoe_overflow_catwalk
D:4:      layout_gridville, serial_shops, shop, ebering_ghost_reflecting_pool,
          grunt_ministairs_13
D:5:      layout_basic, lemuel_doored_altar, cheibrodos_ashenzari_chains,
          gammafunk_ghost_grave, minmay_shop_grid_forest, uniq_menkaure,
          uniq_duvessa

Skill      XL: |  1  2  3  4  5 |
---------------+----------------+-----
Conjurations   | 1 |  1.8
Fire Magic     | 3 4 |  4.4
Dodging        | 2 |  2.0
Spellcasting   | 3 4 |  4.6
Fighting       | 1 |  1.0
Maces & Flails | |  0.3
Stealth        | |  1.7
Summonings     | |  0.1

Action                   |  1- 3 |  4- 6 || total
-------------------------+-------+-------++-------
Melee: Whip              |    16 |    42 ||    58
       Club              |     9 |       ||     9
       Punch             |       |     2 ||     2
       Hand axe          |       |    43 ||    43
       Short sword       |       |     7 ||     7
 Cast: Foxfire           |    32 |    69 ||   101
       Scorch            |    12 |    26 ||    38
       Summon Small Mamm |     2 |    10 ||    12
       Conjure Flame     |       |     2 ||     2
Evoke: Wand              |       |     7 ||     7
  Use: Scroll            |       |     7 ||     7
       Potion            |       |     1 ||     1
Armor: Robe              |     9 |    29 ||    38
Dodge: Dodged            |    15 |    56 ||    71

Table legend: (Time is in decaauts)
 A = Elapsed time spent in this place.
 B = Non-inter-level travel time spent in this place.
 C = Inter-level travel time spent in this place.
 D = Time resting spent in this place.
 E = Time spent auto-exploring this place.
 F = Levels seen in this place.
 G = Mean time per level.
                   A        B        C        D        E       F      G
               +--------+--------+--------+--------+--------+-----+--------+
         Total |   5107 |   5050 |     57 |    407 |   3801 |   5 | 1021.4 |
       Dungeon |   5107 |   5050 |     57 |    407 |   3801 |   5 | 1021.4 |
               +--------+--------+--------+--------+--------+-----+--------+

Top non-repeatable levels by time:
     D:3: 1554 daAuts
     D:4: 1109 daAuts
     D:1: 1037 daAuts
     D:2: 876 daAuts
     D:5: 529 daAuts
